 Dungeon Crawl Stone Soup version 0.28-a0-872-g80cf8599ee (webtiles) character file.

Game seed: 6434713953824395485

3 swappor the Chopper (level 1, 20/20 HPs)
             Began as a Minotaur Berserker on Nov 20, 2021.
             Was a Follower of Trog.
             Quit the game on level 1 of the Dungeon.
             The game lasted 00:00:40 (157 turns).

swappor the Chopper (Minotaur Berserker)             Turns: 157, Time: 00:00:40

Health: 20/20      AC:  2    Str: 21    XL:     1   Next: 41%
Magic:  0/0        EV: 12    Int: 10    God:    Trog [*.....]
Gold:   13         SH:  0    Dex:  9    Spells: 0/0 levels left

rFire   . . .      SeeInvis .   a - +0 hand axe
rCold   . . .      Faith    .   (no shield)
rNeg    . . .      Spirit   .   b - +0 animal skin
rPois   .          Reflect  .   (helmet restricted)
rElec   .          Harm     .   (no cloak)
rCorr   .          Rampage  .   (no gloves)
Will    .....                   (no boots)
Stlth   +.........              (no amulet)
HPRegen 0.06/turn               f - +6 ring of intelligence
MPRegen 0.07/turn               (no ring)

@: no status effects
A: horns 2, retaliatory headbutt
a: Renounce Religion, Berserk


You were on level 1 of the Dungeon.
You worshipped Trog.
Trog was aware of your devotion.
You visited 1 branch of the dungeon, and saw 1 of its levels.

You collected 13 gold pieces.

Inventory:

Hand Weapons
 a - a +0 hand axe (weapon)
 d - a +0 hunting sling
Armour
 b - a +0 animal skin (worn)
Jewellery
 f - a +6 ring of intelligence (left hand)
Scrolls
 c - a scroll of blinking {unknown}
 e - a scroll of teleportation {unknown}


   Skills:
 + Level 3.7 Fighting
 + Level 3.7 Axes
 + Level 2.5 Armour
 + Level 2.2 Dodging


You couldn't memorise any spells.
You didn't know any spells.
Your spell library was empty.

Dungeon Overview and Level Annotations

Branches:
Dungeon (1/15)

Altars:


Innate Abilities, Weirdness & Mutations

You have a pair of horns on your head.
You reflexively headbutt those who attack you in melee.


Message History

You closely miss the rat. The rat closely misses you.
You hit the rat.
You kill the rat!
Trog accepts your kill.
e - a scroll labelled XACLECL UHIX
f - a +6 ring of intelligence You feel clever.
f - a +6 ring of intelligence (left hand) HP restored.
A bat comes into view.
Found a stone staircase leading down.
The bat misses you.
You closely miss the bat. Your headbutt misses the bat.
The bat closely misses you.
You closely miss the bat. The bat misses you. The bat closely misses you.
You completely miss the bat. Your headbutt misses the bat.
The bat closely misses you.
You hit the bat but do no damage. The bat barely misses you. x2
You furiously retaliate!
You headbutt the bat, but do no damage. The bat hits you but does no damage.
You miss the bat. Your headbutt misses the bat.
The bat hits you but does no damage. The bat closely misses you.
The bat closely misses you.
There is a stone staircase leading down here.
You hit the bat.
The bat is severely wounded.
The bat hits you but does no damage. The bat hits you.
The bat completely misses you.
You completely miss the bat.
The bat is severely wounded.
The bat hits you. The bat barely misses you.
You closely miss the bat.
The bat is severely wounded.
The bat hits you. The bat hits you. The bat misses you.
You hit the bat.
You kill the bat!
Trog accepts your kill.
Found a stone staircase leading down.
Are you sure you want to abandon this character and quit the game? (Confirm with "yes".)

.....#.#######..#.##
.......#######..#>#
.....#..........#.#
.......#######.##.#
..####.# #.##.#
..####.# #.##.##
.......# #.#...##
######## #......##
#..@....#
#...........#
#.##.......## #
#.......# #.#...#.#
#.?.......
####.....?. ###>#..


There were no monsters in sight!

Vanquished Creatures
  2 bats (D:1)
  2 rats (D:1)
4 creatures vanquished.

Notes
Turn   | Place    | Note
-------+----------+-------------------------------------------
     0 | D:1      | swappor the Minotaur Berserker began the quest for the Orb.
     0 | D:1      | Reached XP level 1. HP: 19/19 MP: 0/0
   157 | D:1      | Quit the game

Illustrated notes

Levels and vault maps discovered:
D:1:      dpeg_arrival_tiny_a, layout_loops_ring, minmay_pentomino_t2

Action                   || total
-------------------------++-------
Melee: Hand axe          ||    17
       Headbutt          ||     1
Armor: Animal skin       ||     7
Dodge: Dodged            ||    18

Table legend: (Time is in decaauts)
 A = Elapsed time spent in this place.
 B = Non-inter-level travel time spent in this place.
 C = Inter-level travel time spent in this place.
 D = Time resting spent in this place.
 E = Time spent auto-exploring this place.
 F = Levels seen in this place.
 G = Mean time per level.
                   A        B        C        D        E       F      G
               +--------+--------+--------+--------+--------+-----+--------+
         Total |    158 |    158 |      0 |      0 |    109 |   1 |  158.0 |
       Dungeon |    158 |    158 |      0 |      0 |    109 |   1 |  158.0 |
               +--------+--------+--------+--------+--------+-----+--------+

Top non-repeatable levels by time:
     D:1: 158 daAuts
